 Dungeon Crawl Stone Soup version 0.31-a0-182-gc5ef74bbde (webtiles) character file.

Game seed: 4934150595091185312

486 qw the Chopper (level 7, 0/43 HPs)
             Began as a Gargoyle Fighter on June 21, 2023.
             Slain by a lemure (4 damage)
             ... led by Pikel
             ... on level 4 of the Dungeon.
             The game lasted 00:01:08 (2230 turns).

qw the Chopper (Gargoyle Fighter)                   Turns: 2230, Time: 00:01:09

Health: 0/43       AC: 17    Str: 22    XL:     7   Next: 13%
Magic:  7/7        EV:  9    Int:  8    God:
Gold:   243        SH:  4    Dex:  9    Spells: 6/6 levels left

rFire   . . .        Y - +1 war axe (heavy)
rCold   + . .        c - +0 buckler
rNeg    + . .        q - +0 scale mail {rC+}
rPois   inf          f - +0 helmet
rElec   +            (no cloak)
rCorr   .            k - +0 pair of gloves
SInv    .            (no boots)
Will    .....        (no amulet) Stlth
                     l - +4 ring of protection
HPRegen 0.27/turn    (no ring)
MPRegen 0.10/turn

%: no passive effects
@: no status effects
A: sickness immunity, AC +4, negative energy resistance 1, electricity
resistance, torment resistance 1, petrification resistance
a: no special abilities


You were on level 4 of the Dungeon.
You visited 1 branch of the dungeon, and saw 4 of its levels.

You collected 243 gold pieces.


Innate Abilities, Weirdness & Mutations

You are immune to sickness and miasma.
Your stone body is resilient. (AC +4)
You are immune to poison.
You resist negative energy. (rN+)
You are resistant to electric shocks. (rElec)
You are resistant to unholy torment.
You are immune to petrification.


   Skills:
 - Level 4.0 Fighting
 + Level 6.1 Axes
 - Level 1.2 Throwing
 - Level 3.2 Armour
 - Level 1.1 Dodging
 - Level 3.2 Shields


You had 6 spell levels left.
You didn't know any spells.
Your spell library was empty.

Inventory:

Hand Weapons
 e - a +0 flail
 t - the +5 hammer of the Sea {antimagic, rElec rF+ rC+}
   (You found it on level 3 of the Dungeon)

   rF:        It protects you from fire.
   rC:        It protects you from cold.
   rElec:     It insulates you from electricity.
 Y - a +1 heavy war axe (weapon)
Armour
 c - a +0 buckler (worn)
 f - a +0 helmet (worn)
 k - a +0 pair of gloves (worn)
 q - a +0 scale mail of cold resistance (worn)
Jewellery
 l - a +4 ring of protection (left hand)
Scrolls
 a - a scroll of identify
Potions
 d - a potion of might
 h - a potion of haste
 i - a potion of degeneration {unknown}
 j - a potion of berserk rage {unknown}
 m - a potion of brilliance {unknown}
 r - a potion of lignification {unknown}

Dungeon Overview and Level Annotations

Branches:
Dungeon (4/15)
 Temple: D:4-7

Altars:

Shops:
D:4 *

Annotations:
D:3 4 runed translucent doors, Crazy Yiuf; qw's ghost, amateur NaHu
D:4 Dowan; Pikel


Message History

Pikel says, "I'm sure they'll be treated well, anyway."
You slice Duvessa!!
You kill Duvessa!
Dowan screams, "No!
No!"
Dowan seems to find hidden reserves of power!
You hit the adder.
The adder bites you but does no damage. x2; Pikel closely misses you.
A lemure comes into view.
Your Axes skill increases to level 6!
You have reached level 7!
You closely miss the adder.
The adder is severely wounded.
You barely miss the lemure. You closely miss Pikel.
The adder bites you but does no damage.
Dowan casts a spell.
Dowan blinks!
You block the adder's attack.
A lemure comes into view.
The lemure hits you. Pikel hits you but does no damage.
The adder closely misses you. Pikel completely misses you.
You barely miss the adder.
The adder is severely wounded.
You closely miss the lemure. You hit Pikel.
You hit the lemure but do no damage. The adder bites you.
You block the lemure's attack. The lemure barely misses you.
Pikel hits you but does no damage. You block the adder's attack.
The lemure hits you but does no damage.
Pikel hits you with a +0 whip of flaming!
Pikel burns you. The lemure hits you but does no damage.
You miss the adder.
The adder is severely wounded.
You hit the lemure but do no damage. You slash the lemure! You slash Pikel!
The adder bites you but does no damage.
Dowan gestures wildly while chanting.
Dowan blinks!
The adder bites you but does no damage. The lemure barely misses you.
You block the lemure's attack. You block Pikel's attack.
The adder barely misses you.
You slice the adder!!
You kill the adder!
You hit Pikel but do no damage. You barely miss the lemure. x2
You block the lemure's attack. Pikel closely misses you.
The lemure hits you but does no damage. The lemure hits you. x2
You die...

.S . ## .
.(.#.
#....########
#..e[.....#
#...555...#
#?\.ยค)@...#
#....K5<..#
###########


You could see Pikel, 4 lemures and Dowan (fast).

Vanquished Creatures
  Duvessa (D:4)
  An ogre (D:4)
  3 orc priests (D:3)
  3 orc wizards (D:3)
  7 adders
  A worm (D:3)
  14 orcs (D:3)
  2 bats
  5 endoplasms
  3 giant cockroaches
  4 goblins
  7 hobgoblins
  4 jackals (D:1)
  A quokka (D:3)
  3 ball pythons
  A frilled lizard (D:2)
  3 kobolds
  4 rats
67 creatures vanquished.

Notes
Turn   | Place    | Note
-------+----------+-------------------------------------------
     0 | D:1      | qw the Gargoyle Fighter began the quest for the Orb.
     0 | D:1      | Reached XP level 1. HP: 14/14 MP: 1/1
     0 | D:1      | 0 ||| qw: Version: 0.3-a-9-g12657ce
     0 | D:1      | 0 ||| qw: Game counter: 1525
     0 | D:1      | 0 ||| qw: Always use a shield: true
     0 | D:1      | 0 ||| qw: God list: Okawaru
     0 | D:1      | 0 ||| qw: Allow faded altars: false
     0 | D:1      | 0 ||| qw: Do Orc after D:15 true
     0 | D:1      | 0 ||| qw: Do second Lair branch before Depths: true
     0 | D:1      | 0 ||| qw: Lair rune preference: random
     0 | D:1      | 0 ||| qw: Plans: Normal, Zot:1-4, Slime:5, God:TSO, Crypt,
                  | Tomb, Abyss, Pan, Hells, Win
     0 | D:1      | 0 ||| PLANNING D:1-11
    12 | D:1      | Reached skill level 2 in Axes
    46 | D:1      | Found a faded altar of an unknown god.
    50 | D:1      | 50 ||| Stepping ~*~*~tactically~*~*~ (stealth).
   105 | D:1      | Reached XP level 2. HP: 19/19 MP: 2/2
   285 | D:1      | 285 ||| Stepping ~*~*~tactically~*~*~ (stealth).
   288 | D:1      | 288 ||| Stepping ~*~*~tactically~*~*~ (stealth).
   589 | D:1      | Reached skill level 3 in Axes
   702 | D:1      | 702 ||| UPGRADING to +0 pair of gloves.
   707 | D:1      | 707 ||| UPGRADING to +4 ring of protection.
   708 | D:1      | 708 ||| READING 3 scrolls labelled BYDOENG WOIFIB.
   709 | D:1      | 709 ||| READING scroll labelled BOSU JOSYOT.
   710 | D:1      | 710 ||| DRINKING 3 glowing amethyst potions.
   711 | D:1      | 711 ||| READING 2 scrolls of identify.
   711 | D:1      | 711 ||| IDENTIFYING blue potion
   712 | D:1      | 712 ||| DROPPING 2 potions of invisibility.
   751 | D:2      | Reached XP level 3. HP: 23/23 MP: 3/3
  1107 | D:2      | 1107 ||| DROPPING +0 club.
  1283 | D:2      | 1283 ||| UPGRADING to +0 helmet.
  1288 | D:2      | 1288 ||| READING scroll labelled MELETO YSCHUGAI.
  1289 | D:2      | 1289 ||| READING scroll labelled VEALIPHIDGH.
  1390 | D:2      | 1390 ||| READING scroll labelled TAUKHL EHOIT.
  1426 | D:3      | Reached XP level 4. HP: 21/28 MP: 4/4
  1427 | D:3      | Reached skill level 4 in Axes
  1438 | D:3      | Reached XP level 5. HP: 27/32 MP: 5/5
  1450 | D:3      | 1450 ||| FLEEEEING.
  1451 | D:3      | 1451 ||| STAIRDANCE
  1467 | D:3      | 1467 ||| Stepping ~*~*~tactically~*~*~ (stealth).
  1469 | D:3      | 1469 ||| Stepping ~*~*~tactically~*~*~ (hiding).
  1483 | D:3      | Reached skill level 5 in Axes
  1504 | D:3      | 1504 ||| DROPPING +3 whip.
  1570 | D:3      | 1570 ||| Stepping ~*~*~tactically~*~*~ (stealth).
  1571 | D:3      | 1571 ||| Stepping ~*~*~tactically~*~*~ (stealth).
  1572 | D:3      | 1572 ||| Stepping ~*~*~tactically~*~*~ (stealth).
  1769 | D:3      | 1769 ||| Stepping ~*~*~tactically~*~*~ (stealth).
  1778 | D:3      | Reached XP level 6. HP: 38/38 MP: 6/6
  1783 | D:3      | Reached skill level 1 in Throwing
  1867 | D:3      | Identified the +5 hammer of the Sea {antimagic, rElec rF+
                  | rC+}
  1871 | D:3      | 1871 ||| DROPPING +0 mace.
  1875 | D:3      | Found a runed translucent door.
  1876 | D:3      | Noticed Crazy Yiuf
  2026 | D:3      | 2026 ||| Stepping ~*~*~tactically~*~*~ (hiding).
  2030 | D:3      | 2030 ||| Stepping ~*~*~tactically~*~*~ (hiding).
  2038 | D:3      | Reached skill level 1 in Dodging
  2098 | D:3      | 2098 ||| DROPPING +2 hammer of protection.
  2131 | D:3      | Found a runed translucent gate.
  2131 | D:3      | Found a runed translucent gate.
  2131 | D:3      | Found a runed translucent gate.
  2135 | D:3      | Noticed qw's ghost (amateur NaHu)
  2144 | D:3      | 2144 ||| UPGRADING to +0 scale mail of cold resistance.
  2154 | D:3      | 2154 ||| DROPPING +0 scale mail.
  2155 | D:3      | 2155 ||| READING scroll labelled TOGRUZYGHE.
  2156 | D:3      | 2156 ||| READING scroll labelled ZAODUP WOEZ.
  2189 | D:3      | 2189 ||| READING scroll labelled NUYKECHEUV.
  2190 | D:3      | 2190 ||| READING scroll labelled RODIBUCAGE.
  2207 | D:4      | Found Plog's General Store.
  2215 | D:4      | 2215 ||| Stepping ~*~*~tactically~*~*~ (stealth).
  2218 | D:4      | Noticed Duvessa
  2222 | D:4      | Noticed Pikel
  2225 | D:4      | Noticed Dowan
  2226 | D:4      | Killed Duvessa
  2227 | D:4      | Reached skill level 6 in Axes
  2227 | D:4      | Reached XP level 7. HP: 20/43 MP: 7/7
  2228 | D:4      | HP: 8/43 [Pikel/+0 whip of flaming (9)]
  2230 | D:4      | Slain by a lemure

Levels and vault maps discovered:
D:1:      scummos_arrival_star, layout_loops_ring, ebering_ecumenical_altar_box,
          kennysheep_nondescript
D:2:      layout_basic, palyth_stone_intersect
D:3:      layout_rooms, ebering_ghost_rock_garden, uniq_crazy_yiuf_cottage
D:4:      layout_rooms, gammafunk_ghost_stat_death, serial_shops, shop,
          chequers_garden, corexii_checkpoint_a, nicolae_shop_i_like_big_books,
          uniq_duvessa, uniq_pikel, uniq_blork_the_orc

Skill      XL: |  1  2  3  4  5  6 |
---------------+-------------------+-----
Axes           | 2 3 4 5 6 |  6.1
Fighting       | 4 |  4.0
Throwing       | 1 |  1.2
Dodging        | 1 |  1.1
Armour         | |  3.2
Shields        | |  3.2

Action                     |  1- 3 |  4- 6 |  7- 9 || total
---------------------------+-------+-------+-------++-------
  Melee: War axe           |    60 |    77 |     4 ||   141
  Throw: Javelin           |       |    10 |       ||    10
    Use: Scroll            |     6 |     4 |       ||    10
         Potion            |     1 |       |       ||     1
 Armour: Scale mail        |    29 |    86 |     8 ||   123
  Dodge: Dodged            |    32 |    76 |     6 ||   114
  Block: Buckler           |     7 |    15 |     6 ||    28

Table legend:
 A = Non-vault XP
 B = Vault XP
 C = Vault XP percentage of total XP
 D = Non-vault monster count
 E = Vault monster count
 F = Vault count percentage of total count
                 A         B        C        D         E       F
            +---------+---------+-------+---------+---------+-------
      Total |     561 |     147 |  20.8 |      66 |       1 |   1.5
            +---------+---------+-------+---------+---------+-------
        D:1 |      33 |       0 |   0.0 |      18 |       0 |   0.0
        D:2 |      24 |       0 |   0.0 |       8 |       0 |   0.0
        D:3 |     363 |       0 |   0.0 |      36 |       0 |   0.0
        D:4 |     141 |     147 |  51.0 |       4 |       1 |  20.0
            +---------+---------+-------+---------+---------+-------
